Map: [TLMC19] Twilight Imperium

Players

Spirit (souL) - Winner!

  • Race: Terran Terran
  • Spawn Location: 1:00

LiquidCure (Cure)

  • Race: Terran Terran
  • Spawn Location: 11:00

VOD

Have the link to the VOD?

Description

Time

  • Played on: Dec. 23, 2023, 7:02 a.m.
  • Length: 9:44
Show
View Real Time Build Order
Export as new Build Order

Spirit Terran - Winner!

Build Orders: Reaper Expand 

Get SALT Encoding   

  12  0:00  SCV  
  13  0:12  SCV  
  14  0:17  Supply Depot  
  14  0:24  SCV  
  15  0:38  SCV  
  15  0:41  Barracks  
  16  0:43  Refinery  
  16  0:51  SCV  
  17  1:03  SCV  
  18  1:15  SCV  
  19  1:29  Orbital Command, Reaper  
  20  1:42  Command Center  
  20  1:54  Supply Depot  
  20  1:55  SCV  
  20  2:01  Marine  
  22  2:07  SCV  
  23  2:09  Factory  
  23  2:14  Refinery  
  23  2:18  Marine  
  23  2:19  SCV  
  24  2:31  SCV  
  25  2:37  Barracks Reactor  
  25  2:44  SCV  
  26  2:56  SCV  
  26  2:57  Orbital Command, Starport  
  27  3:07  Refinery  
  27  3:08  SCV  
  28  3:17  Cyclone x2  
  32  3:20  SCV  
  32  3:22  Barracks Tech Lab  
  32  3:24  SCV  
  34  3:32  SCV  
  34  3:33  Supply Depot  
  35  3:34  Medivac  
  35  3:36  SCV  
  38  3:44  SCV  
  40  3:48  SCV  
  40  3:49  Cyclone  
  40  3:50  Cyclone  
  44  3:56  SCV  
  44  4:00  Supply Depot, SCV  
  46  4:08  SCV  
  47  4:12  Raven, SCV  
  47  4:13  Interference Matrix  
  50  4:20  SCV  
  50  4:21  Cyclone  
  53  4:24  SCV  
  53  4:27  Supply Depot  
  53  4:30  Cyclone  
  55  4:32  SCV  
  55  4:37  SCV  
  57  4:38  Supply Depot  
  57  4:40  Barracks Tech Lab  
  57  4:45  SCV  
  58  4:48  Command Center  
  58  4:51  Raven  
  58  4:52  SCV  
  61  4:57  SCV, Refinery  
  62  5:01  Supply Depot  
  62  5:04  SCV  
  62  5:06  Cyclone x2  
  67  5:09  SCV  
  68  5:16  SCV  
  68  5:21  SCV  
  70  5:22  Barracks  
  70  5:24  Supply Depot  
  70  5:26  Raven, Barracks  
  72  5:28  SCV  
  72  5:30  Marine, Stimpack  
  72  5:33  SCV  
  75  5:37  Engineering Bay  
  75  5:39  Engineering Bay  
  75  5:40  SCV  
  76  5:44  Cyclone  
  76  5:48  Cyclone  
  76  5:49  SCV  
  81  5:50  Supply Depot  
  81  5:52  SCV  
  81  5:54  Marine  
  83  6:00  Orbital Command  
  83  6:01  SCV  
  83  6:02  Terran Infantry Weapons Level 1  
  84  6:04  Terran Infantry Armor Level 1  
  85  6:11  Barracks Reactor  
  85  6:16  Starport Reactor  
  84  6:20  Barracks x2  
  84  6:23  SCV  
  85  6:26  Supply Depot  
  85  6:28  Orbital Command  
  85  6:31  SCV  
  86  6:35  SCV  
  87  6:41  Marine x3  
  87  6:42  Siege Tank  
  87  6:43  SCV  
  94  6:47  SCV  
  94  6:51  Supply Depot, Marine  
  94  6:53  Sensor Tower  
  96  6:55  SCV, Marine  
  96  6:56  SCV  
  96  6:59  Marine x3  
  96  7:00  SCV  
  103  7:07  Marine  
  104  7:08  SCV  
  104  7:09  Marine x2  
  104  7:10  Combat Shield  
  104  7:13  Marine  
  104  7:14  SCV, Siege Tank  
  108  7:16  Marine  
  108  7:17  Marine x2  
  108  7:21  SCV  
  102  7:24  Medivac x2  
  102  7:25  Marine  
  102  7:26  Marine x2  
  102  7:29  SCV  
  102  7:31  Marine  
  102  7:34  Marine x3  
  106  7:39  Refinery  
  106  7:40  SCV  
  106  7:41  SCV, Refinery  
  106  7:43  Marine  
  106  7:44  Marine x2, Armory  
  109  7:46  Siege Tank  
  109  7:49  Marine  
  109  7:51  SCV  
  116  7:52  SCV  
  116  7:53  Liberator, Marine  
  116  7:54  SCV, Marine x2  
  124  8:00  Liberator  
  124  8:02  Marine  
  124  8:03  Barracks Reactor  
  124  8:05  SCV  
  130  8:06  Supply Depot x2  
  130  8:09  Supply Depot, Marine, Barracks Reactor  
  130  8:10  SCV  
  130  8:11  Marine  
  132  8:14  Marine  
  132  8:18  Supply Depot  
  133  8:27  SCV, Marine x3, Siege Tank  
  133  8:29  Marine  
  133  8:31  Marine  
  142  8:41  Marine  
  142  8:45  Marine x3  
  142  8:47  Marine  
  146  8:49  Marine  
  146  8:50  Marine x3  
  146  8:52  SCV  
  124  8:59  Marine  
  118  9:03  Marine x3  
  118  9:05  Marine  
  118  9:06  SCV  
  118  9:07  Marine x3  
  118  9:08  Marine  
  107  9:17  Marine  
  107  9:20  Marine x3  
  107  9:23  Marine  
  111  9:25  SCV, Marine x4  
Show
View Real Time Build Order
Export as new Build Order

LiquidCure Terran 

Build Orders: Cyclone Opening 

Get SALT Encoding   

  12  0:00  SCV  
  13  0:12  SCV  
  14  0:17  Supply Depot  
  14  0:24  SCV  
  15  0:38  SCV  
  15  0:40  Barracks  
  16  0:43  Refinery  
  16  0:50  SCV  
  16  0:52  Refinery  
  17  1:03  SCV  
  18  1:15  SCV  
  19  1:27  Orbital Command, Reaper  
  20  1:35  Supply Depot  
  20  1:41  Factory  
  20  1:53  SCV  
  21  2:00  Barracks Reactor  
  21  2:05  SCV  
  22  2:17  SCV  
  23  2:27  Command Center  
  23  2:29  SCV  
  23  2:39  Cyclone x2  
  23  2:42  SCV  
  28  2:46  Supply Depot  
  28  2:54  SCV  
  28  2:56  Starport  
  29  3:06  SCV  
  29  3:12  Cyclone  
  32  3:13  Cyclone  
  32  3:17  Barracks Tech Lab  
  34  3:21  SCV  
  34  3:24  Refinery  
  35  3:33  SCV  
  38  3:41  Banshee  
  38  3:47  Orbital Command  
  39  3:50  Cyclone  
  39  3:54  Cyclone  
  39  3:55  SCV  
  44  3:59  Interference Matrix  
  44  4:07  SCV  
  45  4:13  SCV  
  46  4:19  SCV  
  47  4:25  SCV  
  47  4:28  Raven  
  50  4:31  SCV  
  50  4:36  Supply Depot, Cyclone  
  50  4:37  SCV  
  54  4:42  Command Center  
  54  4:50  Supply Depot  
  54  4:57  Barracks Tech Lab, SCV x2  
  54  4:59  Supply Depot  
  56  5:02  Raven, Cyclone  
  60  5:09  Cyclone  
  60  5:12  SCV x2  
  64  5:15  Marine  
  64  5:16  Stimpack  
  65  5:24  SCV x2  
  65  5:25  Supply Depot  
  65  5:27  Barracks  
  67  5:30  Barracks  
  67  5:34  Marine  
  68  5:36  SCV x2  
  68  5:40  Refinery  
  70  5:44  Starport Reactor  
  70  5:46  Engineering Bay  
  70  5:47  Engineering Bay  
  70  5:48  SCV x2  
  72  5:51  Marine  
  72  5:54  Orbital Command  
  73  5:57  Siege Tank  
  73  6:00  SCV x2  
  78  6:09  Marine  
  79  6:11  Barracks  
  79  6:12  Terran Infantry Weapons Level 1  
  79  6:13  Terran Infantry Armor Level 1  
  79  6:16  Barracks  
  79  6:22  Orbital Command  
  79  6:24  SCV x2  
  81  6:26  Marine x2  
  81  6:28  Marine x3, Starport Reactor  
  81  6:30  Siege Tank  
  89  6:36  Supply Depot  
  89  6:37  SCV x2  
  91  6:44  Marine x2  
  91  6:46  Marine x3  
  96  6:49  SCV x3  
  96  6:52  Supply Depot  
  99  6:57  Combat Shield  
  99  7:01  SCV x2, Barracks Reactor  
  99  7:02  SCV  
  99  7:03  Siege Tank  
  99  7:05  Medivac  
  99  7:06  Supply Depot, Medivac  
  109  7:09  Barracks Reactor  
  109  7:13  SCV  
  109  7:14  SCV  
  98  7:20  Marine x5  
  98  7:21  SCV  
  85  7:25  SCV  
  85  7:26  SCV  
  74  7:33  SCV  
  70  7:37  SCV, Marine x4  
  70  7:38  SCV, Marine  
  70  7:42  Siege Tank  
  70  7:43  Marine x2  
  82  7:45  SCV  
  82  7:49  SCV  
  82  7:50  SCV  
  85  7:52  Medivac x2  
  85  7:53  Marine  
  85  7:56  Marine x2  
  85  7:57  Marine  
  93  8:02  SCV x3  
  96  8:06  Marine x3  
  96  8:08  Marine  
  96  8:11  Marine x2  
  102  8:14  Marine x2  
  102  8:19  Marine  
  105  8:20  Supply Depot  
  105  8:24  Marine x3  
  105  8:26  Marine  
  109  8:27  Siege Tank  
  109  8:29  Marine  
  109  8:32  Marine x3  
  109  8:33  Supply Depot  
  116  8:37  Marine  
  117  8:41  SCV x2  
  117  8:42  Marine  
  120  8:52  Marine x6  
  94  8:57  SCV x3  
  94  9:00  Marine x3  
  94  9:02  Siege Tank  
  98  9:09  SCV x2  
  92  9:10  Marine x6  
  92  9:17  Armory  
  92  9:18  Marine  
  92  9:19  Marine x2  
Tags
 
Add a new tag
Caveats
  • Supply blocks, unpowered buildings, or Contaminate may cause inaccurate times.
  • Supply counts are checked every 10 seconds.